 Dungeon Sprint DCSS version 0.30-a0-476-g330ca2eb8e (webtiles) character file.

Game seed: 3098987661274648598

111 NinjaNoafa the Grasshopper (level 4, -15/39 HPs)
             Began as a Gnoll Warper on Dec 22, 2022.
             Was a Believer of Cheibriados.
             Demolished by Menkaure (16 damage)
             ... in the Dungeon (Sprint VII: "The Pits").
             The game lasted 00:02:02 (312 turns).

NinjaNoafa the Grasshopper (Gnoll Warper)            Turns: 312, Time: 00:02:02

Health: -15/39     AC:  3    Str: 16    XL:     4   Next: 92%
Magic:  9/12       EV: 14    Int: 17    God:    Cheibriados [**....]
Gold:   0          SH:  0    Dex: 15    Spells: 4/15 levels left

rFire   . . .      SeeInvis .    j - +2 mace
rCold   . . .      Faith    .    (no shield)
rNeg    . . .      Spirit   .    b - +0 leather armour
rPois   .          Reflect  .    (no helmet)
rElec   .          Harm     .    (no cloak)
rCorr   .          Rampage  .    (no gloves)
Will    .....      NoTele   +    (no boots)
Stlth   ++........               (no amulet)
HPRegen 0.26/turn                (no ring)
MPRegen 0.13/turn                (no ring)

@: very slow
A: fangs 1, strong nose, distributed training
a: Renounce Religion, Bend Time


You were in the Dungeon.
You worshipped Cheibriados.
Cheibriados was pleased with you.
You visited 1 branch

Inventory:

Hand Weapons
 j - a +2 mace (weapon)
Missiles
 d - 7 boomerangs of dispersal (quivered)
 k - 10 stones
Armour
 b - a +0 leather armour (worn)
Scrolls
 c - 2 scrolls of blinking
 l - 5 scrolls of amnesia
 n - 2 scrolls of vulnerability
Potions
 a - 2 potions of invisibility
 g - a potion of haste
 h - 3 potions of magic
 i - 3 potions of berserk rage


   Skills:
 + Level 5.6 Fighting
 + Level 3.1 Short Blades
 + Level 3.1 Long Blades
 + Level 3.1 Axes
 + Level 5.6 Maces & Flails
 + Level 3.1 Polearms
 + Level 3.1 Staves
 + Level 3.1 Ranged Weapons
 + Level 4.1 Throwing
 + Level 4.1 Armour
 + Level 5.6 Dodging
 + Level 3.1 Stealth
 + Level 3.1 Shields
 + Level 3.1 Unarmed Combat
 + Level 6.0 Spellcasting
 + Level 2.5 Conjurations
 + Level 2.5 Hexes
 + Level 2.5 Summonings
 + Level 2.5 Necromancy
 + Level 6.1 Translocations
 + Level 2.5 Transmutations
 + Level 2.5 Fire Magic
 + Level 2.5 Ice Magic
 + Level 2.5 Air Magic
 + Level 2.5 Earth Magic
 + Level 2.5 Poison Magic
 + Level 3.5 Invocations
 + Level 3.1 Evocations


You had 4 spell levels left.
You knew the following spells:

 Your Spells              Type           Power      Damage    Failure   Level
a - Blink                 Tloc           50%        N/A       1%          2
b - Lesser Beckoning      Tloc           50%        N/A       3%          3
c - Teleport Other        Tloc           25%        N/A       3%          3
d - Vhi's Electric Charg  Tloc/Air       38%        N/A       8%          3

Your spell library contained the following spells:

 Spells                   Type           Power      Damage    Failure   Level
 Manifold Assault         Tloc           25%        N/A       12%         4


Dungeon Overview and Level Annotations

Branches:
Dungeon (1/1)

Altars:
Ashenzari
Cheibriados
Dithmenos
Elyvilon
Fedhas
Gozag
Hepliaklqana
Kikubaaqudgha
Makhleb
Nemelex Xobeh
Okawaru
Qazlal
Ru
Sif Muna
Trog
Uskayaw
Vehumet
Wu Jian
Xom
Yredelemnul
Zin
The Shining One
Jiyva
Lugonu

Annotations:
D Menkaure


Innate Abilities, Weirdness & Mutations

You have very sharp teeth.
Your uncanny sense of smell can sniff out nearby items.
Your experience applies equally to all skills.


Message History

Confirm with . or Enter, or press ? or * to list all spells.
You escape the ball python's grasp.
You blink.
Menkaure shouts!
The hobgoblin shouts!
Press: ? - help, v - describe, . - travel
Here: Menkaure The floor.
Unknown command.
You see here a frilled lizard corpse.
You feel stable enough to blink again.
Menkaure gestures wildly while chanting.
Menkaure seems to speed up.
The ball python bites you but does no damage.
The ball python closely misses you.
There is an open door here.
The ball python bites you but does no damage.
The ball python grabs you. The ball python constricts you.
You escape the ball python's grasp.
The ball python barely misses you. x2; The ball python completely misses you.
The ball python grabs you. The ball python constricts you.
You escape the ball python's grasp.
Menkaure attacks as you move away! Menkaure hits you. Menkaure hits you!
There is an open door here.
Menkaure points at you and mumbles some strange words.
Pain shoots through your body! Menkaure attacks as you move away!
Menkaure hits you!
Menkaure points at you and mumbles some strange words.
You barely resist.
As you read the scroll of summoning, it crumbles to dust.
Wisps of shadow whirl around you...
Menkaure calls on the powers of darkness!
Your body is wracked with pain!
* * * LOW HITPOINT WARNING * * *
The hobgoblin convulses!
Menkaure attacks as you move away! Menkaure misses you. Menkaure hits you!
* * * LOW HITPOINT WARNING * * *
Your small abomination barely misses Menkaure.
You swap places.
Menkaure completely misses you.
Your small abomination barely misses Menkaure.
Menkaure attacks as you move away! Menkaure hits you!
You die...

∆∆∆∆∆∆∆ ############
#_________.#
#_________.#
#_______...###########++
##########'##...........
#....))))'.##......#..#
##########@##..........
#......gSMx.'...........
+#####'#####......#..#.
#.....#∆∆ #...........
#.....#∆∆ ####'#####+
###'###∆∆ #.......#
#...†.#∆∆ #.......#
#.....#∆∆ #.......#
####'##+###...<...#


You could see Menkaure (fast, ally target), a hobgoblin, a ball python and a
friendly small abomination (summoned).

Vanquished Creatures
  A floating eye (D)
  An adder (D)
  A hobgoblin (D)
  A ball python skeleton (D)
  A frilled lizard (D)
5 creatures vanquished.

Notes
Turn   | Place    | Note
-------+----------+-------------------------------------------
     0 | D        | NinjaNoafa the Gnoll Warper began the quest for the Orb.
     0 | D        | Reached XP level 1. HP: 20/20 MP: 6/6
     8 | D        | Noticed a floating eye
    11 | D        | Paralysed by a floating eye for 4 turns
    18 | D        | Killed a floating eye
    19 | D        | Reached skill level 5 in Fighting
    19 | D        | Reached skill level 5 in Maces & Flails
    19 | D        | Reached skill level 5 in Dodging
    19 | D        | Reached skill level 5 in Spellcasting
    19 | D        | Reached XP level 2. HP: 27/27 MP: 6/8
    19 | D        | Reached XP level 3. HP: 33/33 MP: 7/10
    19 | D        | Reached XP level 4. HP: 39/39 MP: 7/11
    24 | D        | Learned a level 2 spell: Blink
    28 | D        | Learned a level 3 spell: Lesser Beckoning
    32 | D        | Learned a level 3 spell: Teleport Other
    36 | D        | Learned a level 3 spell: Vhi's Electric Charge
    65 | D        | Found a bloodstained altar of Trog.
    65 | D        | Found a shimmering blue altar of Sif Muna.
    65 | D        | Found a viscous altar of Jiyva.
    65 | D        | Found a hazy altar of Hepliaklqana.
    65 | D        | Found an opulent altar of Gozag.
    66 | D        | Found a glowing golden altar of the Shining One.
    66 | D        | Found a glowing silver altar of Zin.
    66 | D        | Found a basalt altar of Yredelemnul.
    66 | D        | Found a shimmering altar of Xom.
    66 | D        | Found an ornate altar of the Wu Jian Council.
    66 | D        | Found a sacrificial altar of Ru.
    66 | D        | Found a stormy altar of Qazlal.
    66 | D        | Found an iron altar of Okawaru.
    66 | D        | Found a sparkling altar of Nemelex Xobeh.
    66 | D        | Found a burning altar of Makhleb.
    66 | D        | Found a blossoming altar of Fedhas.
    66 | D        | Found a white marble altar of Elyvilon.
    66 | D        | Found a shadowy altar of Dithmenos.
    66 | D        | Found a snail-covered altar of Cheibriados.
    67 | D        | Found a radiant altar of Vehumet.
    67 | D        | Found a corrupted altar of Lugonu.
    68 | D        | Found an ancient bone altar of Kikubaaqudgha.
    68 | D        | Found a hide-covered altar of Uskayaw.
    68 | D        | Found a broken altar of Ashenzari.
    74 | D        | Became a worshipper of Cheibriados the Contemplative
    96 | D        | Reached * piety under Cheibriados
   160 | D        | Noticed a scorpion
   298 | D        | Noticed Menkaure
   298 | D        | Reached ** piety under Cheibriados
   310 | D        | HP: 1/39 [Menkaure (9)]
   312 | D        | Demolished by Menkaure

Illustrated notes

Levels and vault maps discovered:
D:        pitsprint [storerooms_1, entrance_room_1, metal_vault_4, armoury_1,
          mini_pit_1, grid_room_1, main_hall_1, silver_pit, the_coven_1,
          the_vestibule_1, steel_vault_1, golden_pit, hallway_of_sentries,
          crystal_vault_2, iron_vault_4, final_vault]

Skill      XL: |  1  2  3  4 |
---------------+-------------+-----
Fighting       | 5 |  5.6
Short Blades   | 3 |  3.1
Long Blades    | 3 |  3.1
Axes           | 3 |  3.1
Maces & Flails | 5 |  5.6
Polearms       | 3 |  3.1
Staves         | 3 |  3.1
Ranged Weapons | 3 |  3.1
Throwing       | 4 |  4.1
Armour         | 4 |  4.1
Dodging        | 5 |  5.6
Stealth        | 3 |  3.1
Shields        | 3 |  3.1
Unarmed Combat | 3 |  3.1
Spellcasting   | 5 6 |  6.0
Conjurations   | 2 |  2.5
Hexes          | 2 |  2.5
Summonings     | 2 |  2.5
Necromancy     | 2 |  2.5
Translocations | 6 |  6.1
Transmutations | 2 |  2.5
Fire Magic     | 2 |  2.5
Ice Magic      | 2 |  2.5
Air Magic      | 2 |  2.5
Earth Magic    | 2 |  2.5
Poison Magic   | 2 |  2.5
Invocations    | 3 |  3.5
Evocations     | 3 |  3.1

Action                   |  1- 3 |  4- 6 || total
-------------------------+-------+-------++-------
Melee: Mace              |     6 |    13 ||    19
       Bite              |     1 |     2 ||     3
 Cast: Blink             |       |     4 ||     4
       Vhi's Electric Ch |       |     3 ||     3
       Teleport Other    |       |     1 ||     1
  Use: Potion            |       |     3 ||     3
       Scroll            |       |     1 ||     1
Armor: Leather armour    |       |     6 ||     6
Dodge: Dodged            |       |    20 ||    20

Table legend: (Time is in decaauts)
 A = Elapsed time spent in this place.
 B = Non-inter-level travel time spent in this place.
 C = Inter-level travel time spent in this place.
 D = Time resting spent in this place.
 E = Time spent auto-exploring this place.
 F = Levels seen in this place.
 G = Mean time per level.
                   A        B        C        D        E       F      G
               +--------+--------+--------+--------+--------+-----+--------+
         Total |    325 |    325 |      0 |      0 |    206 |   1 |  325.0 |
       Dungeon |    325 |    325 |      0 |      0 |    206 |   1 |  325.0 |
               +--------+--------+--------+--------+--------+-----+--------+

Top non-repeatable levels by time:
       D: 325 daAuts
